 Dungeon Crawl Stone Soup version 0.24.0-37-gcf1ca852f1 (webtiles) character file.

Game seed: 12177925357498215185, levelgen mode: deterministic

1110 FishyPogo the Firebug (level 8, 0/87 HPs)
             Began as a Gnoll Fire Elementalist on Nov 30, 2019.
             Was an Initiate of Okawaru.
             Slain by an orc warrior
             ... wielding a +0 long sword
              (5 damage)
             ... on level 6 of the Dungeon.
             The game lasted 00:17:48 (1804 turns).

FishyPogo the Firebug (Gnoll Fire Elementalist)     Turns: 1804, Time: 00:17:48

Health: 0/87       AC: 24    Str: 10    XL:     8   Next: 33%
Magic:  4/16       EV:  2    Int: 19    God:    Okawaru [......]
Gold:   118        SH:  0    Dex: 17    Spells: 8/18 levels left

rFire    . . .     SeeInvis .   a - +3 whip (flame)
rCold    . . .     Gourm    .   (no shield)
rNeg     + + +     Faith    .   (armour currently unavailable)
rPois    +         Spirit   .   (helmet currently unavailable)
rElec    .         Reflect  .   (cloak currently unavailable)
rCorr    .         Harm     .   (gloves currently unavailable)
MR       .....     NoTele   +   (boots currently unavailable)
Stlth    ++........             (no amulet)
HPRegen  0.24/turn              u - ring of attention (curse)
MPRegen  0.15/turn              p - ring of positive energy

@: tree-form, hasted, very quick
A: distributed training, strong nose
a: Renounce Religion


You were on level 6 of the Dungeon.
You worshipped Okawaru.
Okawaru was noncommittal.
You were not hungry.
You were a tree.
You visited 1 branch of the dungeon, and saw 8 of its levels.

You collected 118 gold pieces.

Inventory:

Hand Weapons
 a - a +3 whip of flaming (weapon)
 b - a +1 short sword of venom
Missiles
 g - 87 stones (quivered)
 l - 6 poisoned darts
Armour
 d - a +0 robe (melded)
 f - a +0 pair of boots (melded)
 q - a +1 cloak (melded)
 r - a +3 scale mail of cold resistance
 t - a +0 helmet (melded)
Jewellery
 j - an uncursed ring of magical power
 k - an uncursed ring of ice
 p - a ring of positive energy (right branch)
 u - a cursed ring of attention (left branch)
Wands
 n - a wand of random effects (16)
Scrolls
 e - 3 scrolls of teleportation
 i - 2 scrolls of remove curse
 m - 6 scrolls of identify
 s - a scroll of enchant armour
Potions
 h - a potion of haste
Comestibles
 c - 4 rations
 v - 8 chunks of flesh


   Skills:
 + Level 3.1 Fighting
 + Level 3.1 Short Blades
 + Level 3.1 Long Blades
 + Level 3.1 Axes
 + Level 3.1 Maces & Flails
 + Level 3.1 Polearms
 + Level 3.1 Staves
 + Level 3.1 Slings
 + Level 3.1 Bows
 + Level 3.1 Crossbows
 + Level 3.1 Throwing
 + Level 3.1 Armour
 + Level 5.6 Dodging
 + Level 5.2 Stealth
 + Level 3.1 Shields
 + Level 3.1 Unarmed Combat
 + Level 5.9 Spellcasting
 + Level 3.3 Conjurations
 + Level 2.5 Hexes
 + Level 2.5 Charms
 + Level 2.5 Summonings
 + Level 2.5 Necromancy
 + Level 2.5 Translocations
 + Level 2.5 Transmutations
 + Level 6.0 Fire Magic
 + Level 2.5 Ice Magic
 + Level 2.5 Air Magic
 + Level 2.5 Earth Magic
 + Level 2.5 Poison Magic
 + Level 3.4 Invocations
 + Level 3.1 Evocations


You had 8 spell levels left.
You knew the following spells:

 Your Spells              Type           Power        Failure   Level  Hunger
a - Flame Tongue          Conj/Fire      ###..        1%          1    None
b - Throw Flame           Conj/Fire      ###...       2%          2    None
j - Conjure Flame         Conj/Fire      ###.....     4%          3    ##.....
p - Sticky Flame          Conj/Fire      ###.....     16%         4    ####...

Your spell library contained the following spells:

 Spells                   Type           Power        Failure   Level  Hunger
 Inner Flame              Hex/Fire       ###.....     6%          3    ##.....
 Fireball                 Conj/Fire      ###.......   41%         5    #####..


Dungeon Overview and Level Annotations

Branches:
Dungeon (8/15)
 Temple: D:4-7         Lair: D:8-11

Altars:
Elyvilon
Okawaru
Trog
Xom

Annotations:
D:3 Purgy
D:6 Sigmund
D:7 1 runed translucent door, kalagan's ghost, novice GrEE


Innate Abilities, Weirdness & Mutations

Your experience applies equally to all skills.
((You have very sharp teeth.))
Your uncanny sense of smell can sniff out nearby items.


Message History

The orc warrior is almost dead.
The orc hits you but does no damage.
The orc warrior hits you but does no damage.
The orc hits you but does no damage.
You barely miss the orc warrior. You punch the orc warrior.
The orc warrior is almost dead.
You closely miss the orc warrior.
The orc warrior is almost dead.
The orc hits you with a +0 mace.
* * * LOW HITPOINT WARNING * * *
The orc hits you but does no damage.
The orc warrior hits you but does no damage.
You hit the orc warrior but do no damage.
The orc warrior is almost dead.
The orc hits you but does no damage.
You barely miss the orc warrior.
The orc warrior is almost dead.
The orc hits you but does no damage.
The orc warrior hits you with a +0 long sword.
You die...

#####
.....#############
(..l.o......'....#
.....#......#....#
.....#......#....#
.....#.....##(.o.#
.....#.....##..o♣#
..oo.#.........o.#
....o#...........#
.....#...........#
#...........#
#+######....#
#..$.# #....#
#....#


You could see an orc warrior and 2 orcs.

Vanquished Creatures
  An ice beast (D:5)
  2 sky beasts
  An orc warrior (D:7)
  A phantom (D:7)
  An ogre (D:6)
  A scorpion (D:6)
  A crimson imp (D:5)
  2 hounds
  2 jellies
  2 orc wizards (D:7)
  2 bullfrog skeletons
  2 iguanas
  Terence (D:3)
  3 worker ants (D:4)
  A worker ant zombie (D:5)
  4 adders
  2 shadow imps
  An adder skeleton (D:4)
  A worm (D:3)
  2 dart slugs
  A leopard gecko (D:4)
  7 orcs
  3 bats
  2 giant cockroaches
  3 goblins
  2 hobgoblins
  6 kobolds
  3 quokkas
  2 frilled lizards
  2 rats
64 creatures vanquished.

Notes
Turn   | Place    | Note
-------+----------+-------------------------------------------
     0 | D:1      | FishyPogo the Gnoll Fire Elementalist began the quest for
                  | the Orb.
     0 | D:1      | Reached XP level 1. HP: 13/13 MP: 6/6
   219 | D:1      | Reached XP level 2. HP: 17/19 MP: 3/7
   269 | D:1      | Learned a level 2 spell: Throw Flame
   329 | D:3      | Noticed Purgy
   534 | D:4      | Reached XP level 3. HP: 25/25 MP: 9/9
   537 | D:4      | Reached skill level 5 in Spellcasting
   537 | D:4      | Reached skill level 1 in Invocations
   545 | D:4      | Reached skill level 1 in Fighting
   545 | D:4      | Reached skill level 1 in Short Blades
   545 | D:4      | Reached skill level 1 in Long Blades
   545 | D:4      | Reached skill level 1 in Axes
   545 | D:4      | Reached skill level 1 in Maces & Flails
   545 | D:4      | Reached skill level 1 in Polearms
   545 | D:4      | Reached skill level 1 in Staves
   545 | D:4      | Reached skill level 1 in Slings
   545 | D:4      | Reached skill level 1 in Bows
   545 | D:4      | Reached skill level 1 in Crossbows
   545 | D:4      | Reached skill level 1 in Throwing
   545 | D:4      | Reached skill level 1 in Armour
   545 | D:4      | Reached skill level 1 in Shields
   545 | D:4      | Reached skill level 1 in Unarmed Combat
   545 | D:4      | Reached skill level 1 in Evocations
   545 | D:4      | Reached XP level 4. HP: 32/32 MP: 3/11
   564 | D:4      | Reached skill level 1 in Hexes
   564 | D:4      | Reached skill level 1 in Charms
   564 | D:4      | Reached skill level 1 in Summonings
   564 | D:4      | Reached skill level 1 in Necromancy
   564 | D:4      | Reached skill level 1 in Translocations
   564 | D:4      | Reached skill level 1 in Transmutations
   564 | D:4      | Reached skill level 1 in Ice Magic
   564 | D:4      | Reached skill level 1 in Air Magic
   564 | D:4      | Reached skill level 1 in Earth Magic
   564 | D:4      | Reached skill level 1 in Poison Magic
   581 | D:4      | Reached XP level 5. HP: 37/37 MP: 2/12
   616 | D:4      | Learned a level 3 spell: Conjure Flame
   621 | D:4      | Learned a level 4 spell: Sticky Flame
   641 | D:4      | Found a white marble altar of Elyvilon.
   663 | D:4      | Noticed a phantom
   666 | D:4      | Noticed an ogre
   789 | D:3      | Noticed Terence
   797 | D:3      | Killed Terence
   877 | D:3      | Found a shimmering altar of Xom.
   952 | D:3      | Reached XP level 6. HP: 44/44 MP: 13/13
  1041 | D:5      | Entered Level 5 of the Dungeon
  1104 | D:5      | Noticed a sky beast
  1122 | D:5      | Killed a sky beast
  1122 | D:5      | Reached skill level 5 in Dodging
  1226 | D:5      | Noticed an ice beast
  1232 | D:5      | Killed an ice beast
  1232 | D:5      | Reached XP level 7. HP: 47/50 MP: 12/15
  1295 | D:6      | Found a bloodstained altar of Trog.
  1468 | D:6      | Noticed Sigmund
  1477 | D:7      | Reached skill level 5 in Stealth
  1540 | D:7      | Noticed kalagan's ghost (novice GrEE)
  1563 | D:7      | Found a runed translucent door.
  1591 | D:7      | Reached XP level 8. HP: 57/57 MP: 2/16
  1604 | D:7      | Reached skill level 6 in Fire Magic
  1609 | D:7      | Found an iron altar of Okawaru.
  1614 | D:7      | Became a worshipper of Warmaster Okawaru
  1640 | D:7      | Noticed a hippogriff
  1802 | D:6      | HP: 4/87 [orc/+0 mace (2)]
  1804 | D:6      | Slain by an orc warrior

Levels and vault maps discovered:
D:1:      nagdon_arrival_double_spiral, layout_loops_ring,
          palyth_stone_intersect
D:2:      layout_rooms, first_ration
D:3:      layout_rooms, nicolae_overflow_hidden_temple, uniq_terence, uniq_purgy
D:4:      layout_cave_pools, led_sif_book, lemuel_round_altar,
          overflow_temple_1_default, minmay_temple_entry_proselytizer
D:5:      layout_cave_pods, zin_angel, lemuel_crystal_altar,
          nicolae_overflow_crystal_walls
D:6:      layout_gridville, overflow_temple_1_default, serial_shops, shop,
          uniq_sigmund
D:7:      layout_basic, marbit_many_paths, hellmonk_ghost_happy_afterlife,
          basic_altar, the_bakery
D:8:      layout_basic, basic_altar, serial_shops, shop

Skill      XL: |  1  2  3  4  5  6  7  8 |
---------------+-------------------------+-----
Conjurations   | 2 3 |  3.3
Spellcasting   | 5 |  5.9
Invocations    | 1 2 3 |  3.4
Fighting       | 1 2 3 |  3.1
Short Blades   | 1 2 3 |  3.1
Long Blades    | 1 2 3 |  3.1
Axes           | 1 2 3 |  3.1
Maces & Flails | 1 2 3 |  3.1
Polearms       | 1 2 3 |  3.1
Staves         | 1 2 3 |  3.1
Slings         | 1 2 3 |  3.1
Bows           | 1 2 3 |  3.1
Crossbows      | 1 2 3 |  3.1
Throwing       | 1 2 3 |  3.1
Armour         | 1 2 3 |  3.1
Shields        | 1 2 3 |  3.1
Unarmed Combat | 1 2 3 |  3.1
Evocations     | 1 2 3 |  3.1
Hexes          | 1 2 |  2.5
Charms         | 1 2 |  2.5
Summonings     | 1 2 |  2.5
Necromancy     | 1 2 |  2.5
Translocations | 1 2 |  2.5
Transmutations | 1 2 |  2.5
Ice Magic      | 1 2 |  2.5
Air Magic      | 1 2 |  2.5
Earth Magic    | 1 2 |  2.5
Poison Magic   | 1 2 |  2.5
Dodging        | 5 |  5.6
Stealth        | 5 |  5.2
Fire Magic     | 6 |  6.0

Action                   |  1- 3 |  4- 6 |  7- 9 || total
-------------------------+-------+-------+-------++-------
Melee: Whip              |    16 |    25 |    45 ||    86
       Bite              |     2 |     9 |     1 ||    12
       Short sword       |       |    48 |     8 ||    56
       Punch             |       |       |     1 ||     1
Throw: Stone             |       |     3 |     2 ||     5
 Cast: Flame Tongue      |    21 |    12 |    35 ||    68
       Throw Flame       |     9 |    11 |    14 ||    34
       Sticky Flame      |       |     2 |     2 ||     4
       Conjure Flame     |       |       |     1 ||     1
  Use: Scroll            |       |     6 |       ||     6
       Potion            |       |       |     2 ||     2
 Stab: Sleeping          |     2 |     4 |     1 ||     7
  Eat: Chunk             |       |     1 |     3 ||     4
Armor: Robe              |     4 |    12 |    10 ||    26
       Skin              |       |       |     7 ||     7
Dodge: Dodged            |    17 |    38 |    32 ||    87
